 Dungeon Crawl Stone Soup version 0.30-a0-1014-g3371b13838 (webtiles) character file.

Game seed: 5855470289604154269

130 Malachi the Trooper (level 4, -3/42 HPs)
             Began as an Armataur Fighter on Apr 6, 2023.
             Slain by Terence
             ... wielding a +0 mace
              (5 damage)
             ... on level 3 of the Dungeon.
             The game lasted 00:04:27 (3008 turns).

Malachi the Trooper (Armataur Fighter)              Turns: 3008, Time: 00:04:28

Health: -3/42      AC:  9    Str: 23    XL:     4   Next: 89%
Magic:  4/4        EV:  6    Int:  9    God:
Gold:   116        SH:  4    Dex:  9    Spells: 3/3 levels left

rFire   . . .      SeeInvis .    a - +0 flail
rCold   . . .      Faith    .    c - +0 buckler
rNeg    . . .      Spirit   .    f - +0 chain mail
rPois   .          Reflect  .    (no helmet)
rElec   .          Roll     +    (no cloak)
rCorr   .                        g - +0 pair of gloves
Will    .....                    (no barding) Stlth
                                 (no amulet)
HPRegen 0.27/turn                (no ring)
MPRegen 0.09/turn                (no ring)

@: no status effects
A: large, rugged brown scales 3, deformed body, armoured tail, roll, long
tongue, awkward tongue
a: no special abilities


You were on level 3 of the Dungeon.
You visited 1 branch of the dungeon, and saw 3 of its levels.

You collected 116 gold pieces.

Inventory:

Hand Weapons
 a - a +0 flail (weapon)
Armour
 c - a +0 buckler (worn)
 f - a +0 chain mail (worn)
 g - a +0 pair of gloves (worn)
Wands
 n - a wand of acid (9)
Scrolls
 e - 2 scrolls of teleportation {unknown}
 h - a scroll of silence {unknown}
 i - a scroll of amnesia {unknown}
 k - 4 scrolls of identify {unknown}
Potions
 b - 3 potions of flight {unknown}
 d - 2 potions of might
 j - 2 potions of curing {unknown}
 l - a potion of berserk rage {unknown}
 m - a potion of haste {unknown}
 o - a potion of lignification {unknown}


   Skills:
 + Level 4.0 Fighting
 + Level 3.3 Maces & Flails
 - Level 3.8 Armour
 - Level 3.4 Shields


You had 3 spell levels left.
You didn't know any spells.
Your spell library contained the following spells:

 Spells                   Type           Power      Damage    Failure   Level
 Lesser Beckoning         Tloc           0%         N/A       99%         2
 Gell's Gravitas          Tloc           0%         N/A       100%        3
 Teleport Other           Tloc           0%         N/A       100%        3
 Leda's Liquefaction      Hex/Erth       0%         N/A       100%        4
 Lee's Rapid Deconstruct  Erth           0%         3d4*      100%        5
 Statue Form              Tmut/Erth      0%         N/A       100%        6


Dungeon Overview and Level Annotations

Branches:
Dungeon (3/15)

Altars:
Fedhas
Ru

Shops:
D:1 [

Annotations:
D:3 Natasha, Sigmund, Terence


Innate Abilities, Weirdness & Mutations

You are completely covered in rugged brown scales. (AC +3, +7% HP)
Armour fits poorly on your strangely shaped body.
You have a long armoured tail.
You roll when moving toward enemies. (Rampage)
Your long tongue fully drains potion bottles. (2x potion effects)
Your tongue gives you trouble enunciating. (1.5x scroll delay)


Message History

Terence hits you with a +0 mace.
Natasha casts a spell.
You hit Terence but do no damage. Terence hits you but does no damage.
Natasha mumbles some strange words.
You feel disoriented.
You barely miss Terence.
You tail-slap Terence, but do no damage.
Terence hits you but does no damage. Terence hits you with a +0 mace.
Terence attacks as you move away! Terence completely misses you.
Terence zaps a wand.
The roots erupt in riotous growth!
The grasping roots grab you! The grasping roots constrict you.
You escape the roots grasp.
Natasha casts a spell.
You roll towards Terence!
You hit Terence but do no damage. You block Terence's attack.
You sock Terence!
Terence is severely wounded.
Terence zaps a wand.
The roots erupt in riotous growth!
The grasping roots grab you!
Terence is unaffected.
The grasping roots constrict you.
You hear an angry hiss.
You closely miss Terence.
You tail-slap Terence, but do no damage.
Terence is severely wounded.
Terence shouts, "DIE!!!"
Terence hits you with a +0 mace. The grasping roots constrict you.
* * * LOW HITPOINT WARNING * * *
You barely miss Terence.
Your tail-slap misses Terence.
Terence is severely wounded.
Terence hits you but does no damage. The grasping roots constrict you.
* * * LOW HITPOINT WARNING * * *
Terence hits you with a +0 mace.
* * * LOW HITPOINT WARNING * * *
The grasping roots constrict you.
* * * LOW HITPOINT WARNING * * *
The grasping roots release their grip on you.
Unknown command.
Terence attacks as you move away! Terence hits you with a +0 mace.
You die...

##. ##.. .5# #5#
#S# #.# #.#
######h# #####
#.@@S.5# ....#
#.###### ###.#
#.# ###.# #.#
....# #.#
###.#### #.#
.......# #.#
.##.##.# #.#
.##.##.########.#


You could see Terence, Natasha (strong), a white imp (summoned) and a ball
python.

Vanquished Creatures
  An orc priest (D:3)
  5 adders
  A dart slug (D:1)
  6 orcs (D:3)
  5 endoplasms
  A giant cockroach (D:2)
  6 goblins
  3 hobgoblins (D:1)
  2 jackals (D:1)
  4 ball pythons
  6 bats
  A frilled lizard (D:2)
  4 kobolds
  5 rats
50 creatures vanquished.

Notes
Turn   | Place    | Note
-------+----------+-------------------------------------------
     0 | D:1      | Malachi the Armataur Fighter began the quest for the Orb.
     0 | D:1      | Reached XP level 1. HP: 19/19 MP: 1/1
   303 | D:1      | Reached XP level 2. HP: 26/26 MP: 2/2
   345 | D:1      | Found Dygal's Armour Boutique.
   498 | D:1      | Reached skill level 3 in Fighting
   889 | D:2      | Reached XP level 3. HP: 33/33 MP: 3/3
  1623 | D:3      | Found a blossoming altar of Fedhas.
  1860 | D:3      | Reached XP level 4. HP: 21/42 MP: 4/4
  2147 | D:3      | Found a sacrificial altar of Ru.
  2188 | D:3      | Reached skill level 4 in Fighting
  2439 | D:3      | Noticed Sigmund
  2983 | D:3      | Noticed Terence
  2985 | D:3      | Noticed Natasha
  3006 | D:3      | HP: 2/42 [constriction (6)]
  3008 | D:3      | Slain by Terence

Illustrated notes

Levels and vault maps discovered:
D:1:      dpeg_arrival_houses_and_road, layout_loops_ring, serial_shops,
          shop_statue
D:2:      layout_loops_cross, kennysheep_generic_room_13
D:3:      minmay_thinvault, layout_loops_ring, mainiacjoe_overflow_brackets,
          fedhas_altar_2, uniq_sigmund, uniq_terence, uniq_ijyb, uniq_natasha

Skill      XL: |  1  2  3  4 |
---------------+-------------+-----
Maces & Flails | 2 3 |  3.3
Fighting       | 3 4 |  4.0
Armour         | |  3.8
Shields        | |  3.4

Action                     |  1- 3 |  4- 6 || total
---------------------------+-------+-------++-------
  Melee: Flail             |   100 |    75 ||   175
         Tailslap          |     6 |     7 ||    13
 Armour: Chain mail        |    57 |    54 ||   111
  Dodge: Dodged            |    28 |    28 ||    56
  Block: Buckler           |    14 |    11 ||    25

Table legend: (Time is in decaauts)
 A = Elapsed time spent in this place.
 B = Non-inter-level travel time spent in this place.
 C = Inter-level travel time spent in this place.
 D = Time resting spent in this place.
 E = Time spent auto-exploring this place.
 F = Levels seen in this place.
 G = Mean time per level.
                   A        B        C        D        E       F      G
               +--------+--------+--------+--------+--------+-----+--------+
         Total |   3060 |   2958 |    102 |    731 |   1533 |   3 | 1020.0 |
       Dungeon |   3060 |   2958 |    102 |    731 |   1533 |   3 | 1020.0 |
               +--------+--------+--------+--------+--------+-----+--------+

Top non-repeatable levels by time:
     D:3: 1433 daAuts
     D:1: 864 daAuts
     D:2: 761 daAuts
